 Dungeon Crawl Stone Soup version 0.18.1-6-gd335043 (webtiles) character file.

6350 mistymad the Protected (level 10, -9/65 HPs)
             Began as a Gargoyle Fighter on May 20, 2016.
             Was a High Priest of Okawaru.
             Mangled by Snorg (16 damage)
             ... on level 9 of the Dungeon.
             The game lasted 00:28:27 (11000 turns).

mistymad the Protected (Gargoyle Fighter)          Turns: 11000, Time: 00:28:28

Health: -9/65      AC: 22    Str: 27    XL:     10   Next: 96%
Magic:  12/12      EV: 11    Int:  9    God:    Okawaru [*****.]
Gold:   497        SH: 12    Dex: 11    Spells: 0 memorised, 9 levels left

rFire  . . .     SeeInvis .     A - +4 whip of Precise Incision {slash, Str+7}
rCold  . . .     Gourm    .     b - +0 scale mail
rNeg   + . .     Faith    .     c - +0 shield
rPois  ∞         Spirit   .     (no helmet)
rElec  +         Dismiss  .     m - +0 cloak
rCorr  .         Reflect  .     D - +0 pair of gloves
SustAt .         Harm     .     (no boots)
MR     .....                    I - amulet of regeneration
Stlth  +.........               t - +3 ring of slaying
                                p - ring of stealth

@: not resistant to hostile enchantments, very unstealthy
A: rough black scales 1, negative energy resistance 1, electricity resistance,
unbreathing, petrification resistance, rot immunity, AC +7
a: Heroism, Finesse, Renounce Religion


You were on level 9 of the Dungeon.
You worshipped Okawaru.
Okawaru was extremely pleased with you.
You were not hungry.

You visited 1 branch of the dungeon, and saw 10 of its levels.
You also visited: Sewer.

You collected 497 gold pieces.

Inventory:

Hand Weapons
 A - the +4 whip of Precise Incision (weapon) {slash, Str+7}
   (You found it on level 6 of the Dungeon)

   It inflicts extra damage upon your enemies.
   It affects your strength (+7).
Armour
 b - a +0 scale mail (worn)
 c - a +0 shield (worn)
 m - a +0 cloak (worn)
 D - a +0 pair of gloves (worn)
Jewellery
 p - a ring of stealth (left hand)
 t - a +3 ring of slaying (right hand)
 I - an amulet of regeneration (around neck)
Wands
 o - a wand of slowing (27/48)
 F - a wand of iceblast (7/15)
Scrolls
 e - 7 scrolls of identify {unknown}
 g - a scroll of enchant weapon {unknown}
 i - 2 scrolls of magic mapping {unknown}
 j - a scroll of immolation {unknown}
 l - 9 scrolls of remove curse
 n - 4 scrolls of teleportation {unknown}
 s - 3 scrolls of enchant armour {unknown}
 v - 3 scrolls of fear {unknown}
 y - a scroll of noise {unknown}
 K - a scroll of fog {unknown}
 L - a scroll of holy word {unknown}
 M - a scroll of vulnerability {unknown}
Potions
 d - a potion of might
 q - a potion of beneficial mutation {unknown}
 r - 3 potions of degeneration {unknown}
 u - 2 potions of curing
 w - a potion of heal wounds {unknown}
 x - a potion of magic {unknown}
 z - 2 potions of flight {unknown}
 B - a potion of ambrosia {unknown}
 G - a potion of resistance {unknown}
Books
 C - a Young Poisoner's Handbook

   Spells                             Type                      Level
   a - Sting                          Conjuration/Poison           1
   b - Cure Poison                    Poison                       2
   c - Mephitic Cloud                 Conjuration/Poison/Air       3
   d - Olgreb's Toxic Radiance        Poison                       4
   e - Venom Bolt                     Conjuration/Poison           5
Comestibles
 a - 5 chunks of flesh
 f - 6 bread rations
 h - 7 beef jerkies
 k - 12 fruits
 E - 5 meat rations
 H - a slice of pizza
 J - 9 royal jellies


   Skills:
 + Level 8.5 Fighting
 + Level 7.3 Maces & Flails
 + Level 8.6 Armour
 + Level 5.9 Dodging
 + Level 8.3 Shields
 + Level 3.4 Invocations


You had 9 spell levels left.
You didn't know any spells.

Dungeon Overview and Level Annotations

Branches:
Dungeon (10/15)            Temple (0/1) D:6
   Lair: D:8-11         Orc: D:9-12

Altars:
Ashenzari
Cheibriados
Dithmenos
Elyvilon
Fedhas
Gozag
Makhleb
Nemelex Xobeh
Okawaru
Pakellas
Qazlal
Ru
Sif Muna
Vehumet
Xom
Yredelemnul
Zin

Shops:
D:5 }

Annotations:
D:3 Sigmund
D:9 Snorg


Innate Abilities, Weirdness & Mutations

You are resistant to torment.
Your stone body is resilient (AC +7).
You are immune to poison.
You resist negative energy.
You are resistant to electric shocks.
You can survive without breathing.
You are immune to petrification.
You are immune to rotting.
You are partially covered in rough black scales (AC +4, Dex -1).


Message History

Snorg barely misses you. Snorg claws you but does no damage.
You hit Harold.
You kill Harold!
Okawaru is honoured by your kill.
You can now speed up your combat.
Something appears at your feet! Okawaru grants you a gift!
Your Invocations skill increases to level 3!
You block the worker ant's attack. Snorg misses you. You block Snorg's attack.
Snorg claws you. The worker ant bites you. Snorg barely misses you.
Snorg closely misses you. x2
There is a stone staircase leading up here.
Snorg bites you!
* * * LOW HITPOINT WARNING * * *
You block Snorg's attack. Snorg claws you!
* * * LOW HITPOINT WARNING * * *
The worker ant bites you but does no damage.
You climb upwards.
There is a stone staircase leading down here.
You block Snorg's attack. Snorg claws you!
You die...

.....#.......##......# #..#
.....#.......##......###..#
#....#...>...##...........#
#....#.......##...........#
.....#.......##.....#####.#
.....#[......##.^...#####.#
#....#...(...##...........#
#....#..(....##...........#
#....+...=...##.@T........#
#....#.......##.a>........#
#....#....................#
#....#....................#
#....#....................#
######....................#
..........................#
..................##...##.#
.....###......#........##.#


You could see Snorg (berserk) and a worker ant.

Vanquished Creatures
  Harold (D:10)
  The ghost of mistymad the Skirmisher, a novice GrFi of Okawaru (D:7)
  Psyche (D:8)
  Grinder (D:6)
  2 wyverns (D:9)
  A hungry ghost (D:9)
  3 hippogriffs
  2 soldier ants (D:9)
  An orc warrior (D:6)
  A black bear (D:9)
  A sky beast (D:6)
  5 ogres
  An eye of draining (D:8)
  2 ice beasts
  A wasp (D:9)
  2 phantoms
  A centaur (D:8)
  The ghost of mistymad the Covered, an amateur GrFi (D:3)
  A big kobold (D:8)
  2 giant frogs
  A gnoll sergeant (D:8)
  A water moccasin zombie (D:7)
  A wyvern skeleton (D:7)
  2 scorpions
  6 killer bees (D:9)
  5 wights (D:6)
  A howler monkey (D:4)
  5 hounds
  6 crimson imps
  2 jellies
  3 orc priests
  A giant frog skeleton (D:4)
  2 iguanas
  3 orc wizards (D:6)
  5 worker ants
  A hound skeleton (D:9)
  24 gnolls
  10 adders
  2 shadow imps
  3 oozes
  2 adder zombies
  2 adder skeletons (D:4)
  4 worms
  2 dart slugs
  8 giant geckos
  24 orcs
  4 giant cockroaches
  4 goblins
  6 hobgoblins
  4 jackals (D:2)
  9 kobolds
  6 quokkas
  4 ball pythons
  7 bats
  A giant gecko zombie (D:8)
  3 giant newts
  A quokka skeleton (D:8)
  18 rats
224 creatures vanquished.

Vanquished Creatures (others)
  2 plants (D:9)
2 creatures vanquished.

Grand Total: 226 creatures vanquished

Notes
Turn   | Place    | Note
--------------------------------------------------------------
     0 | D:1      | mistymad the Gargoyle Fighter began the quest for the Orb.
     0 | D:1      | Reached XP level 1. HP: 14/14 MP: 1/1
    23 | D:1      | Reached XP level 2. HP: 12/19 MP: 2/2
   636 | D:1      | Reached XP level 3. HP: 22/23 MP: 3/3
  1023 | D:2      | Reached skill level 1 in Dodging
  1200 | D:2      | Found an oddly glowing altar of Pakellas.
  1285 | D:2      | Reached XP level 4. HP: 24/29 MP: 4/4
  1365 | D:2      | Found a deep blue altar of Sif Muna.
  1777 | D:3      | Noticed Sigmund
  1907 | D:3      | Noticed mistymad's ghost (amateur GrFi)
  1931 | D:3      | Killed mistymad's ghost
  1931 | D:3      | Reached XP level 5. HP: 8/33 MP: 5/5
  2468 | D:3      | Found a burning altar of Makhleb.
  2472 | D:3      | Found a glowing silver altar of Zin.
  2473 | D:3      | Noticed a cacodemon
  2473 | D:3      | Noticed an angel
  2663 | D:4      | Noticed a phantom
  2689 | D:4      | Killed a phantom
  2689 | D:4      | Reached XP level 6. HP: 37/39 MP: 6/6
  3049 | D:4      | Reached XP level 7. HP: 40/44 MP: 7/7
  3390 | D:4      | Reached skill level 5 in Fighting
  3827 | D:5      | Entered Level 5 of the Dungeon
  3876 | D:5      | Reached skill level 5 in Armour
  3876 | D:5      | Reached skill level 5 in Shields
  4079 | D:5      | Found an iron altar of Okawaru.
  4080 | D:5      | Found an opulent altar of Gozag.
  4088 | D:5      | Found a radiant altar of Vehumet.
  4091 | D:5      | Became a worshipper of Warmaster Okawaru
  4207 | D:5      | Found a sparkling altar of Nemelex Xobeh.
  4371 | D:5      | Found a glowing drain.
  4384 | Sewer    | Entered a sewer
  4474 | Sewer    | Noticed Purgy
  4827 | D:5      | Found Dicoi's Gadget Boutique.
  4933 | D:5      | Found a shimmering altar of Xom.
  5031 | D:5      | Reached XP level 8. HP: 24/50 MP: 8/8
  5779 | D:6      | Got a slimy whip
  5781 | D:6      | Identified the +4 whip of Precise Incision {slash, Str+7} (You found it on level 6 of the Dungeon)
  5858 | D:6      | Found a staircase to the Ecumenical Temple.
  5887 | D:6      | Reached * piety under Okawaru
  5985 | D:6      | Found a stormy altar of Qazlal.
  5992 | D:6      | Found a blossoming altar of Fedhas.
  6124 | D:6      | Reached skill level 5 in Maces & Flails
  6464 | D:6      | Gained mutation: You are partially covered in rough black scales (AC +4, Dex -1). [mutagenic meat]
  6655 | D:6      | Reached XP level 9. HP: 54/56 MP: 9/9
  6673 | D:6      | Noticed Grinder
  6681 | D:6      | Paralysed by Grinder for 6 turns
  6698 | D:6      | Killed Grinder
  6754 | D:6      | Found a shattered altar of Ashenzari.
  6754 | D:6      | Found a white marble altar of Elyvilon.
  6902 | D:6      | Reached ** piety under Okawaru
  7103 | D:7      | Found a basalt altar of Yredelemnul.
  7131 | D:7      | Noticed mistymad's ghost (novice GrFi)
  7498 | D:7      | Killed mistymad's ghost
  7498 | D:7      | Reached *** piety under Okawaru
  7800 | D:7      | Reached skill level 5 in Dodging
  7949 | D:7      | Reached XP level 10. HP: 63/63 MP: 10/10
  8140 | D:3      | Found a shadowy altar of Dithmenos.
  8791 | D:8      | Found a sparkling altar of Nemelex Xobeh.
  8800 | D:8      | Noticed Psyche
  8805 | D:8      | Killed Psyche
  8805 | D:8      | Reached skill level 1 in Invocations
  9309 | D:8      | Found a snail-covered altar of Cheibriados.
 10010 | D:9      | Reached **** piety under Okawaru
 10252 | D:9      | Found a sacrificial altar of Ru.
 10967 | D:10     | Entered Level 10 of the Dungeon
 10967 | D:10     | Noticed Harold
 10969 | D:10     | Noticed Snorg
 10995 | D:10     | Killed Harold
 10995 | D:10     | Reached ***** piety under Okawaru
 10995 | D:10     | Received a gift from Okawaru
 11000 | D:9      | Mangled by Snorg

Skill      XL: |  1  2  3  4  5  6  7  8  9 10 |
---------------+-------------------------------+-----
Dodging        | 1 2 3 5 |  5.9
Fighting       | 4 5 6 7 8 |  8.5
Armour         | 4 5 6 7 8 |  8.6
Shields        | 4 5 6 7 8 |  8.3
Maces & Flails | 3 4 5 6 7 |  7.3
Invocations    | 3 |  3.4

Action                   |  1- 3 |  4- 6 |  7- 9 | 10-12 || total
-------------------------+-------+-------+-------+-------++-------
Melee: Flail             |   108 |   150 |   253 |       ||   511
       Whip              |       |       |   266 |   307 ||   573
Invok: Heroism           |       |       |     2 |     1 ||     3
  Use: Scroll            |       |       |       |     1 ||     1
  Eat: Chunk             |     1 |     6 |    17 |    12 ||    36
Armor: Scale mail        |    78 |    61 |   221 |    82 ||   442
Dodge: Dodged            |    27 |    38 |   183 |   103 ||   351
Block: Shield            |    73 |    81 |   278 |   173 ||   605
